 Dungeon Crawl Stone Soup version 0.17-a0-1650-gce8475a (webtiles) character file.

5529 LilCorpsy the Cleaver (level 10, -1/115 HPs)
             Began as a Minotaur Fighter on Aug 13, 2015.
             Was a High Priest of Okawaru.
             Slain by an orc warrior
             ... wielding a +0 halberd
              (3 damage)
             ... on level 1 of the Orcish Mines.
             The game lasted 00:24:45 (7744 turns).

LilCorpsy the Cleaver (Minotaur Fighter)            Turns: 7744, Time: 00:24:45

Health: -1/115     AC: 16    Str: 29    XL:     10   Next: 43%
Magic:  9/9        EV:  9    Int:  5    God:    Okawaru [*****.]
Gold:   515        SH:  0    Dex: 10    Spells: 0 memorised, 9 levels left

rFire  + . .     SeeInvis .     b - +0 battleaxe
rCold  . . .     Clarity  .     g - +1 plate armour
rNeg   . . .     SustAt   +     (no shield)
rPois  .         Gourm    .     (helmet restricted)
rElec  .         Spirit   .     (no cloak)
rCorr  .         Warding  .     (no gloves)
rMut   .         Stasis   .     (no boots)
MR     .....                    p - amulet of regeneration
Stlth  ..........               u - ring of protection from fire
                                y - ring of sustain attributes

@: berserking, very slightly contaminated, hasted and slowed, not resistant to
hostile enchantments, extremely unstealthy
A: retaliatory headbutt, horns 2
a: Heroism, Finesse, Renounce Religion


You were on level 1 of the Orcish Mines.
You worshipped Okawaru.
Okawaru was extremely pleased with you.
You were not hungry.

You visited 2 branches of the dungeon, and saw 10 of its levels.

You collected 515 gold pieces.

Inventory:

Hand weapons
 b - a +0 battleaxe (weapon)
Armour
 g - a +1 plate armour (worn)
Jewellery
 h - an uncursed ring of protection from cold
 p - an amulet of regeneration (around neck)
 u - a ring of protection from fire (right hand)
 v - an uncursed ring of stealth
 y - a ring of sustain attributes (left hand)
Magical devices
 q - a wand of random effects (48)
 t - a wand of paralysis (11)
 E - a wand of fire (8)
Scrolls
 a - a scroll of recharging
 f - a scroll of fog
 i - 3 scrolls of teleportation
 j - 5 scrolls of identify
 n - 3 scrolls of remove curse
 w - a scroll of holy word
Potions
 c - a potion of cure mutation
 d - 4 potions of might
 l - a potion of haste
 m - 2 potions of lignification
 r - a potion of flight
 s - a potion of resistance
 x - a potion of brilliance
Books
 C - a book of Air

   Spells                             Type                      Level
   a - Shock                          Conjuration/Air              1
   b - Swiftness                      Charms/Air                   2
   c - Repel Missiles                 Charms/Air                   2
   d - Static Discharge               Conjuration/Air              3
   e - Lightning Bolt                 Conjuration/Air              5
Miscellaneous
 D - a disc of storms
Comestibles
 e - a bread ration
 o - a fruit
 z - a meat ration
 B - a beef jerky


   Skills:
 - Level 3.6 Fighting
 * Level 13.2 Axes
 * Level 12.2 Armour
 - Level 4.0 Dodging
 + Level 0.6 Stealth
   Level 3.6 Shields


You had 9 spell levels left.
You didn't know any spells.

Dungeon Overview and Level Annotations

Branches:
Dungeon (9/15)             Temple (0/1) D:7             Orc (1/4) D:9
   Lair: D:8-11

Altars:
Ashenzari
Cheibriados
Dithmenos
Fedhas
Gozag
Okawaru
Sif Muna
Trog
Yredelemnul
The Shining One

Shops:
D:6 *   D:8 (

Annotations:
D:6 Prince Ribbit
Orc:1 Erica


Innate Abilities, Weirdness & Mutations

You reflexively headbutt those who attack you in melee.
You have a pair of horns on your head.


Message History

You feel yourself slow down.
You miss something. You headbutt something.
The orc warrior hits you from afar with a halberd!!
* * * LOW HITPOINT WARNING * * *
Something hits you but does no damage.
You feel better. Something hits you but does no damage.
The orc warrior hits you but does no damage.
You feel yourself speed up. Something completely misses you.
The orc warrior hits you from afar with a halberd!
* * * LOW HITPOINT WARNING * * *
Something hits you!
* * * LOW HITPOINT WARNING * * *
Something burns you.
* * * LOW HITPOINT WARNING * * *
You are very lightly contaminated with residual magic.
It was a potion of berserk rage.
A red film seems to cover your vision as you go berserk!
You feel yourself moving faster!
You feel mighty!
The orc warrior hits you from afar with a halberd.
You die...

## ###
#.##..#.
........
..#.....
........
###........
##(.#.......
#...@{......
#...[)......
#...<>o.....
#...........
##........$.
#...........
#.....(...#$
##........#
#..........


You could see an orc warrior.

Vanquished Creatures
  Pikel (D:7)
  The ghost of Nattefrost the Poker, an average DrGl (D:4)
  3 yaks (D:8)
  A wyvern (D:9)
  Eustachio (D:6)
  Edmund (D:6)
  A water moccasin (D:6)
  3 orc warriors
  5 ice beasts
  2 slaves (D:7)
  4 phantoms
  7 ogres
  A black bear (D:9)
  A centaur (D:9)
  A big kobold (D:9)
  4 giant frogs
  2 scorpions
  3 troll zombies (D:9)
  3 hounds
  2 crimson imps
  A gnoll shaman (D:2)
  2 centaur skeletons
  9 orc priests
  Terence (D:2)
  3 iguanas
  9 orc wizards
  6 worker ants
  Natasha (thrice) (D:2)
  5 ogre zombies (D:9)
  20 adders
  6 gnolls (D:3)
  A shadow imp (D:6)
  An ooze (D:1)
  3 adder skeletons
  6 worms
  4 giant geckos
  37 orcs
  9 giant cockroaches
  4 goblins
  6 hobgoblins
  2 jackals (D:2)
  12 kobolds
  5 quokkas
  4 ball pythons
  5 bats
  A giant cockroach zombie (D:6)
  3 giant newts
  A goblin skeleton (D:9)
  A goblin zombie (D:9)
  2 hobgoblin skeletons (D:9)
  2 hobgoblin zombies (D:9)
  3 orc skeletons (D:9)
  16 orc zombies (D:9)
  12 rats
252 creatures vanquished.

Vanquished Creatures (others)
  A necrophage (D:7)
  An orc (Orc:1)
2 creatures vanquished.

Grand Total: 254 creatures vanquished

Notes
Turn   | Place    | Note
--------------------------------------------------------------
     0 | D:1      | LilCorpsy the Minotaur Fighter began the quest for the Orb.
     0 | D:1      | Reached XP level 1. HP: 19/19 MP: 0/0
   175 | D:1      | Reached skill level 4 in Armour
   178 | D:1      | Reached XP level 2. HP: 24/26 MP: 1/1
   863 | D:2      | Reached XP level 3. HP: 25/31 MP: 2/2
  1020 | D:2      | Noticed Natasha
  1027 | D:2      | Killed Natasha
  1027 | D:2      | Reached skill level 5 in Armour
  1027 | D:2      | Reached XP level 4. HP: 39/39 MP: 3/3
  1158 | D:2      | Noticed Terence
  1167 | D:2      | Killed Terence
  1167 | D:2      | Reached skill level 1 in Dodging
  1359 | D:2      | Reached XP level 5. HP: 34/45 MP: 4/4
  1368 | D:2      | Noticed Natasha
  1369 | D:2      | Killed Natasha
  1617 | D:2      | Noticed Natasha
  1624 | D:2      | Killed Natasha
  1728 | D:3      | HP: 2/45 [gnoll/spear (5)]
  1905 | D:2      | Reached skill level 5 in Axes
  1922 | D:3      | Reached skill level 6 in Armour
  1953 | D:3      | Reached XP level 6. HP: 39/51 MP: 5/5
  2113 | D:3      | Found a deep blue altar of Sif Muna.
  2309 | D:3      | Found a shattered altar of Ashenzari.
  2400 | D:3      | Found a shadowy altar of Dithmenos.
  2773 | D:4      | Found an iron altar of Okawaru.
  2778 | D:4      | Became a worshipper of Warmaster Okawaru
  2838 | D:4      | Reached skill level 7 in Armour
  2862 | D:4      | Reached XP level 7. HP: 57/57 MP: 6/6
  2978 | D:4      | Noticed Nattefrost's ghost (average DrGl)
  2987 | D:4      | Killed Nattefrost's ghost
  2987 | D:4      | Acquired Okawaru's first power
  3299 | D:4      | Found a blossoming altar of Fedhas.
  3359 | D:5      | Entered Level 5 of the Dungeon
  3503 | D:5      | Reached skill level 8 in Armour
  3526 | D:5      | Reached XP level 8. HP: 58/64 MP: 7/7
  4205 | D:6      | Reached skill level 9 in Armour
  4332 | D:6      | Noticed Eustachio
  4359 | D:6      | Killed Eustachio
  4391 | D:6      | Reached skill level 10 in Axes
  4391 | D:6      | Reached XP level 9. HP: 55/70 MP: 8/8
  4426 | D:6      | Noticed Edmund
  4439 | D:6      | Killed Edmund
  4822 | D:6      | Found Nupnal's General Store.
  4912 | D:6      | Noticed Prince Ribbit
  4957 | D:6      | Found a glowing golden altar of the Shining One.
  4959 | D:6      | Found a basalt altar of Yredelemnul.
  4962 | D:6      | Found an opulent altar of Gozag.
  5147 | D:7      | Noticed Pikel
  5156 | D:7      | Killed Pikel
  5156 | D:7      | Reached skill level 11 in Axes
  5156 | D:7      | Reached skill level 10 in Armour
  5858 | D:8      | Reached skill level 12 in Axes
  5983 | D:8      | Found Ceoxzil's Weapon Boutique.
  6001 | D:8      | Reached XP level 10. HP: 70/77 MP: 9/9
  6236 | D:7      | Found a staircase to the Ecumenical Temple.
  6962 | D:9      | Found a staircase to the Orcish Mines.
  7046 | D:9      | Acquired Okawaru's second power
  7046 | D:9      | Reached skill level 13 in Axes
  7254 | D:9      | Found a snail-covered altar of Cheibriados.
  7640 | D:9      | Noticed a moth of wrath
  7643 | D:9      | Found a bloodstained altar of Trog.
  7725 | Orc:1    | Entered Level 1 of the Orcish Mines
  7731 | Orc:1    | Noticed Erica
  7743 | Orc:1    | HP: 2/77 [something (8)]
  7744 | Orc:1    | Slain by an orc warrior

Vault maps used:
D:1:      dpeg_arrival_pond
D:2:      first_bread, uniq_terence, uniq_natasha
D:3:      evilmike_ruin_ashenzari, led_sif_book,
          nicolae_dithmenos_through_a_glass_darkly
D:4:      lemuel_upstairs_altar, fedhas_altar_fruit_tree, kennysheep_little_box
D:6:      grunt_temple_overflow_open, serial_shops, kennysheep_mini_moat,
          uniq_eustachio, uniq_prince_ribbit1, uniq_edmund
D:7:      minmay_temple_entry_overgrown, uniq_pikel
D:8:      serial_shops, shop
D:9:      zombieorc2_lemuel, basic_altar, tgw_trog
Orc:1:    basic_altar, serial_shops, nicolae_shop_crystal, nicolae_orc_rockfall,
          uniq_erica

Action                   |  1- 3 |  4- 6 |  7- 9 | 10-12 || total
-------------------------+-------+-------+-------+-------++-------
Melee: War axe           |    58 |   203 |   137 |       ||   398
       Battleaxe         |       |       |   198 |   176 ||   374
  Use: Potion            |       |     4 |     7 |     3 ||    14
       Scroll            |       |     6 |     5 |     4 ||    15
  Eat: Bread ration      |       |     1 |     2 |     1 ||     4
       Meat ration       |       |     1 |       |       ||     1
       Fruit             |       |       |     3 |     1 ||     4
       Beef jerky        |       |       |     2 |       ||     2
